| TOP OF THE 1ST |
|
Fresno State University Bulldogs batting - Pitching for University of Toronto Marlies : RHP Jay Hagan
|
|
Pitching: RHP Jay Hagan
|
|
|
Batting: RHB Tony Nowak
|
0-0: Ball 1-0: Ball 2-0: Foul Ball, location: 2F 2-1: Called Strike 2-2: Ball 3-2: Fly out, F2 (Popup, 23F, EV 81.2 MPH)
|
|
Batting: LHB Ollie Strauss
|
0-0: Ball 1-0: Ball 2-0: Called Strike 2-1: Swinging Strike 2-2: Ball 3-2: Foul Ball, location: 2F 3-2: Fly out, F7 (Line Drive, 78S, EV 89.4 MPH)
|
|
Batting: SHB Carlton Stannard
|
0-0: Ball 1-0: Foul Ball, location: 2F 1-1: Foul Ball, location: 2F 1-2: Ball 2-2: Ball 3-2: Base on Balls
|
|
Batting: LHB Abraham Batista
|
0-0: Foul Ball, location: 2F 0-1: Ball 1-1: Foul Ball, location: 2F 1-2: Foul Ball, location: 2F 1-2: Foul Ball, location: 2F 1-2: Ground out 4-3 (Groundball, 4M, EV 106.9 MPH)
|
| Top of the 1st over - 0 runs, 0 hits, 0 errors, 1 left on base; Fresno State University 0 - University of Toronto 0 |
| BOTTOM OF THE 1ST |
|
University of Toronto Marlies batting - Pitching for Fresno State University Bulldogs : RHP Alex Rojas
|
|
Pitching: RHP Alex Rojas
|
|
|
Batting: LHB Efrem Isaev
|
0-0: Ball 1-0: Foul Ball, location: 2F 1-1: Ball 2-1: Fly out, F8 (Flyball, 8RM, EV 91.9 MPH)
|
|
Batting: SHB Jack Tierney
|
0-0: Called Strike 0-1: Ball 1-1: Foul Ball, location: 2F 1-2: Ball 2-2: Foul Ball, location: 2F 2-2: Fly out, F8 (Flyball, 8RD, EV 86.9 MPH)
|
|
Batting: SHB Shannon Britten
|
0-0: Called Strike 0-1: Ball 1-1: Called Strike 1-2: Foul Ball, location: 2F 1-2: Ground out 5-3 (Groundball, 56S, EV 78.1 MPH)
|
| Bottom of the 1st over - 0 runs, 0 hits, 0 errors, 0 left on base; Fresno State University 0 - University of Toronto 0 |
| TOP OF THE 2ND |
|
Fresno State University Bulldogs batting - Pitching for University of Toronto Marlies : RHP Jay Hagan
|
|
Batting: RHB Danilo Baldia
|
0-0: Foul Ball, location: 2F 0-1: Called Strike 0-2: Foul Ball, location: 2F 0-2: SINGLE (Groundball, 5D, EV 96.9 MPH)
|
|
Batting: LHB Brad Benanti
|
0-0: Called Strike 0-1: Ball 1-1: Ball 2-1: Fly out, F7 (Flyball, 7S, EV 88.1 MPH)
|
|
Batting: RHB Charles Shaw
|
0-0: Ball 1-0: 2-RUN HOME RUN (Line Drive, 7D, EV 100.6 MPH), Distance : 401 ft
|
|
Batting: RHB Greg Meyer
|
0-0: Called Strike 0-1: Foul Ball, location: 2F 0-2: Fly out, F8 (Flyball, 8LS, EV 87.5 MPH)
|
|
Batting: SHB Gary Christianson
|
0-0: Ball 1-0: Swinging Strike 1-1: Fly out, F8 (Flyball, 8LD, EV 100.6 MPH)
|
| Top of the 2nd over - 2 runs, 2 hits, 0 errors, 0 left on base; Fresno State University 2 - University of Toronto 0 |
| BOTTOM OF THE 2ND |
|
University of Toronto Marlies batting - Pitching for Fresno State University Bulldogs : RHP Alex Rojas
|
|
Batting: RHB Akichika Yamano
|
0-0: Called Strike 0-1: Ground out 6-3 (Groundball, 6, EV 91.9 MPH)
|
|
Batting: RHB Rich Vanegas
|
0-0: Ground out U3 (Groundball, 34, EV 78.8 MPH)
|
|
Batting: RHB Charlie Townend
|
0-0: Called Strike 0-1: Swinging Strike 0-2: Ball 1-2: Strikes out swinging
|
| Bottom of the 2nd over - 0 runs, 0 hits, 0 errors, 0 left on base; Fresno State University 2 - University of Toronto 0 |
| TOP OF THE 3RD |
|
Fresno State University Bulldogs batting - Pitching for University of Toronto Marlies : RHP Jay Hagan
|
|
Batting: RHB Tony Nowak
|
0-0: Ball 1-0: Ball 2-0: Swinging Strike 2-1: Foul Ball, location: 2F 2-2: Foul Ball, location: 2F 2-2: Ball 3-2: Fly out, F9 (Flyball, 89M, EV 93.1 MPH)
|
|
Batting: LHB Ollie Strauss
|
0-0: Foul Ball, location: 2F 0-1: Ball 1-1: Ball 2-1: Swinging Strike 2-2: Strikes out swinging
|
|
Batting: SHB Carlton Stannard
|
0-0: Swinging Strike 0-1: Foul Ball, location: 2F 0-2: Ball 1-2: Ball 2-2: Foul Ball, location: 2F 2-2: Ground out 3-1 (Groundball, 34, EV 101.9 MPH)
|
| Top of the 3rd over - 0 runs, 0 hits, 0 errors, 0 left on base; Fresno State University 2 - University of Toronto 0 |
| BOTTOM OF THE 3RD |
|
University of Toronto Marlies batting - Pitching for Fresno State University Bulldogs : RHP Alex Rojas
|
|
Batting: SHB Conrade Gordon
|
0-0: Called Strike 0-1: Ball 1-1: Ground out 6-3 (Groundball, 6, EV 89.4 MPH)
|
|
Batting: SHB Jose Melendez
|
0-0: Foul Ball, location: 2F 0-1: Ball 1-1: Foul Ball, location: 2F 1-2: Ground out 4-3 (Groundball, 4, EV 83.8 MPH)
|
|
Batting: LHB Greg Robertson
|
0-0: Ball 1-0: Called Strike 1-1: Ball 2-1: Foul Ball, location: 2F 2-2: Strikes out swinging, 2-3 out at first.
|
| Bottom of the 3rd over - 0 runs, 0 hits, 0 errors, 0 left on base; Fresno State University 2 - University of Toronto 0 |
| TOP OF THE 4TH |
|
Fresno State University Bulldogs batting - Pitching for University of Toronto Marlies : RHP Jay Hagan
|
|
Batting: LHB Abraham Batista
|
0-0: Called Strike 0-1: Foul Ball, location: 2F 0-2: Foul Ball, location: 2F 0-2: Foul Ball, location: 2F 0-2: Fly out, F7 (Flyball, 78M, EV 93.8 MPH)
|
|
Batting: RHB Danilo Baldia
|
0-0: Called Strike 0-1: Fly out, F9 (Flyball, 9S, EV 80.6 MPH)
|
|
Batting: LHB Brad Benanti
|
0-0: Ground out 6-3 (Groundball, 6M, EV 90.0 MPH)
|
| Top of the 4th over - 0 runs, 0 hits, 0 errors, 0 left on base; Fresno State University 2 - University of Toronto 0 |
| BOTTOM OF THE 4TH |
|
University of Toronto Marlies batting - Pitching for Fresno State University Bulldogs : RHP Alex Rojas
|
|
Batting: LHB Efrem Isaev
|
0-0: Ball 1-0: Reached on error, E6 (Groundball, 6, EV 110.0 MPH)
|
|
Batting: SHB Jack Tierney
|
0-0: Ball 1-0: Ball 2-0: Foul Ball, location: 2F 2-1: Foul Ball, location: 2F 2-2: Strikes out swinging
|
|
Batting: SHB Shannon Britten
|
0-0: Ground out 6-3 (Groundball, 6, EV 107.5 MPH)
|
|
Batting: RHB Akichika Yamano
|
0-0: Foul Ball, location: 2F 0-1: Foul Ball, location: 2F 0-2: Ball 1-2: Strikes out swinging
|
| Bottom of the 4th over - 0 runs, 0 hits, 1 error, 1 left on base; Fresno State University 2 - University of Toronto 0 |
| TOP OF THE 5TH |
|
Fresno State University Bulldogs batting - Pitching for University of Toronto Marlies : RHP Jay Hagan
|
|
Batting: RHB Charles Shaw
|
0-0: Ball 1-0: SINGLE (Line Drive, 89M, EV 93.8 MPH)
|
|
Batting: RHB Greg Meyer
|
0-0: Foul Ball, location: 2F 0-1: Ball 1-1: Called Strike 1-2: Strikes out looking
|
|
Batting: SHB Gary Christianson
|
0-0: Called Strike 0-1: Called Strike 0-2: Ball 1-2: Ball Wild Pitch! Charles Shaw to second 2-2: Strikes out swinging
|
|
Batting: RHB Tony Nowak
|
0-0: Ball 1-0: Fly out, F9 (Flyball, 89S, EV 84.4 MPH)
|
| Top of the 5th over - 0 runs, 1 hit, 0 errors, 1 left on base; Fresno State University 2 - University of Toronto 0 |
| BOTTOM OF THE 5TH |
|
University of Toronto Marlies batting - Pitching for Fresno State University Bulldogs : RHP Alex Rojas
|
|
Batting: RHB Rich Vanegas
|
0-0: Ball 1-0: Swinging Strike 1-1: DOUBLE (Line Drive, 9LM, EV 114.4 MPH)
|
|
Batting: RHB Charlie Townend
|
0-0: Called Strike 0-1: Foul Ball, location: 2F 0-2: Strikes out swinging
|
|
Batting: SHB Conrade Gordon
|
0-0: Fly out, F8 (Flyball, 89S, EV 85.6 MPH)
|
|
Batting: SHB Jose Melendez
|
0-0: Ball 1-0: Ground out 6-3 (Groundball, 6, EV 93.8 MPH)
|
| Bottom of the 5th over - 0 runs, 1 hit, 0 errors, 1 left on base; Fresno State University 2 - University of Toronto 0 |
| TOP OF THE 6TH |
|
Fresno State University Bulldogs batting - Pitching for University of Toronto Marlies : RHP Jay Hagan
|
|
Pitching: RHP Aaron Knight
|
|
|
Batting: LHB Ollie Strauss
|
0-0: Ball 1-0: Called Strike 1-1: Foul Ball, location: 2F 1-2: Foul Ball, location: 2F 1-2: Foul Ball, location: 2F 1-2: Foul Ball, location: 2F 1-2: Foul Ball, location: 2F 1-2: Ball 2-2: Fly out, F7 (Flyball, 78M, EV 92.5 MPH)
|
|
Batting: SHB Carlton Stannard
|
0-0: Foul Ball, location: 2F 0-1: Called Strike 0-2: Ball 1-2: Fly out, F7 (Flyball, 7, EV 84.4 MPH)
|
|
Batting: LHB Abraham Batista
|
0-0: Called Strike 0-1: Ball 1-1: Foul Ball, location: 2F 1-2: Strikes out looking
|
| Top of the 6th over - 0 runs, 0 hits, 0 errors, 0 left on base; Fresno State University 2 - University of Toronto 0 |
| BOTTOM OF THE 6TH |
|
University of Toronto Marlies batting - Pitching for Fresno State University Bulldogs : RHP Alex Rojas
|
|
Batting: LHB Greg Robertson
|
0-0: Ball 1-0: Ball 2-0: Foul Ball, location: 2F 2-1: Fly out, F8 (Flyball, 8LS, EV 90.6 MPH)
|
|
Batting: LHB Efrem Isaev
|
0-0: Called Strike 0-1: Ball 1-1: Called Strike 1-2: Ball 2-2: SINGLE (Line Drive, 78M, EV 95.6 MPH)
|
|
Batting: SHB Jack Tierney
|
0-0: Swinging Strike 0-1: DOUBLE (Line Drive, 9LM, EV 106.9 MPH) Efrem Isaev to third
|
|
Batting: SHB Shannon Britten
|
0-0: Foul Ball, location: 2F 0-1: Ball 1-1: Foul Ball, location: 2F 1-2: Foul Ball, location: 2F 1-2: Foul Ball, location: 2F 1-2: Ball 2-2: Ball 3-2: SINGLE (Groundball, 5S, EV 66.2 MPH) (infield hit) Efrem Isaev scores Jack Tierney to third
|
|
Batting: RHB Akichika Yamano
|
0-0: Called Strike 0-1: Ball 1-1: Foul Ball, location: 2F 1-2: Foul Ball, location: 2LF, Error on foul ball, E2 1-2: Ball 2-2: Grounds into double play, 6-4-3 (Groundball, 6, EV 83.1 MPH)
|
| Bottom of the 6th over - 1 run, 3 hits, 1 error, 1 left on base; Fresno State University 2 - University of Toronto 1 |
| TOP OF THE 7TH |
|
Fresno State University Bulldogs batting - Pitching for University of Toronto Marlies : RHP Aaron Knight
|
|
Pitching: LHP Nick Holt
|
|
|
Batting: RHB Danilo Baldia
|
0-0: Called Strike 0-1: SINGLE (Line Drive, 56D, EV 96.2 MPH)
|
|
Batting: LHB Brad Benanti
|
0-0: Sac Bunt to 2R - play at second, runner OUT! 2-6
|
|
Batting: RHB Charles Shaw
|
0-0: Called Strike Brad Benanti steals 2nd base 0-1: Swinging Strike 0-2: Ball 1-2: Strikes out swinging
|
|
Batting: RHB Greg Meyer
|
0-0: Ball 1-0: SINGLE (Groundball, 6M, EV 77.5 MPH) (infield hit) Brad Benanti to third
|
|
Batting: SHB Gary Christianson
|
0-0: Ball 1-0: Ball 2-0: Fly out, F1 (Line Drive, P, EV 65.6 MPH)
|
| Top of the 7th over - 0 runs, 2 hits, 0 errors, 2 left on base; Fresno State University 2 - University of Toronto 1 |
| BOTTOM OF THE 7TH |
|
University of Toronto Marlies batting - Pitching for Fresno State University Bulldogs : RHP Alex Rojas
|
|
Pitching: RHP Alex Gutierrez
|
|
|
Batting: RHB Rich Vanegas
|
0-0: Ball 1-0: Called Strike 1-1: Fly out, F7 (Flyball, 7S, EV 91.9 MPH)
|
|
Batting: RHB Charlie Townend
|
0-0: Swinging Strike 0-1: Fly out, F4 (Flyball, 4D, EV 81.9 MPH)
|
|
Batting: SHB Conrade Gordon
|
0-0: Foul Ball, location: 2F 0-1: Ball 1-1: Ball 2-1: Swinging Strike 2-2: Ball 3-2: Strikes out swinging, 2-3 out at first.
|
| Bottom of the 7th over - 0 runs, 0 hits, 0 errors, 0 left on base; Fresno State University 2 - University of Toronto 1 |
| TOP OF THE 8TH |
|
Fresno State University Bulldogs batting - Pitching for University of Toronto Marlies : LHP Nick Holt
|
|
Pitching: RHP Mike McDonald
|
|
|
Batting: RHB Tony Nowak
|
0-0: Fly out, F7 (Flyball, 7S, EV 85.6 MPH)
|
|
Batting: LHB Ollie Strauss
|
0-0: Foul Ball, location: 2F 0-1: Ground out 3-1 (Groundball, 34, EV 105.0 MPH)
|
|
Batting: SHB Carlton Stannard
|
0-0: Foul Ball, location: 2F 0-1: Ball 1-1: Swinging Strike 1-2: Strikes out looking
|
| Top of the 8th over - 0 runs, 0 hits, 0 errors, 0 left on base; Fresno State University 2 - University of Toronto 1 |
| BOTTOM OF THE 8TH |
|
University of Toronto Marlies batting - Pitching for Fresno State University Bulldogs : RHP Alex Gutierrez
|
|
Pitching: RHP Antonio Levario
|
|
|
Batting: SHB Jose Melendez
|
0-0: Foul Ball, location: 2F 0-1: Fly out, F7 (Line Drive, 7, EV 96.2 MPH)
|
|
Batting: RHB Jeff McClellan
|
0-0: Ball 1-0: Ball 2-0: Ground out 5-3 (Groundball, 5, EV 78.8 MPH)
|
|
Batting: LHB Efrem Isaev
|
0-0: Ball 1-0: Ball 2-0: Called Strike 2-1: Fly out, F7 (Line Drive, 7, EV 101.2 MPH)
|
| Bottom of the 8th over - 0 runs, 0 hits, 0 errors, 0 left on base; Fresno State University 2 - University of Toronto 1 |
| TOP OF THE 9TH |
|
Fresno State University Bulldogs batting - Pitching for University of Toronto Marlies : RHP Mike McDonald
|
|
Batting: LHB Abraham Batista
|
0-0: Ball 1-0: Foul Ball, location: 2F 1-1: Ball 2-1: Ball 3-1: Foul Ball, location: 2F 3-2: Ground out 6-3 (Groundball, 6M, EV 81.9 MPH)
|
|
Now at 2B: Elmar Adenauer
|
|
|
Now at SS: Charlie Townend
|
|
|
Batting: RHB Danilo Baldia
|
0-0: SINGLE (Line Drive, 78S, EV 100.0 MPH)
|
|
Batting: LHB Brad Benanti
|
0-0: Ball 1-0: Foul Ball, location: 2F 1-1: Fly out, F8 (Flyball, 8LXD, EV 86.2 MPH)
|
|
Batting: RHB Charles Shaw
|
0-0: Called Strike 0-1: Ball 1-1: Ball 2-1: Called Strike 2-2: Ball 3-2: Fly out, F8 (Flyball, 8RD, EV 106.2 MPH)
|
| Top of the 9th over - 0 runs, 1 hit, 0 errors, 1 left on base; Fresno State University 2 - University of Toronto 1 |
| BOTTOM OF THE 9TH |
|
University of Toronto Marlies batting - Pitching for Fresno State University Bulldogs : RHP Antonio Levario
|
|
Pitching: RHP Milojica Mrdja
|
|
|
Batting: SHB Jack Tierney
|
0-0: Called Strike 0-1: Ball 1-1: Ball 2-1: Ground out 5-3 (Groundball, 56, EV 105.6 MPH)
|
|
Batting: SHB Shannon Britten
|
0-0: Ball 1-0: Ball 2-0: Called Strike 2-1: Ball 3-1: Swinging Strike 3-2: Ground out 4-3 (Groundball, 34, EV 101.2 MPH)
|
|
Batting: RHB Akichika Yamano
|
0-0: SINGLE (Line Drive, 5D, EV 110.0 MPH)
|
|
Batting: RHB Elmar Adenauer
|
0-0: Ball 1-0: Swinging Strike 1-1: Fly out, F4 (Flyball, 34D, EV 86.9 MPH)
|
| Bottom of the 9th over - 0 runs, 1 hit, 0 errors, 1 left on base; Fresno State University 2 - University of Toronto 1 |
|